 Dungeon Crawl Stone Soup version 0.17-a0-1262-gd250d98 (webtiles) character file.

27 Raurakos the Slasher (level 2, -6/19 HPs)
             Began as a High Elf Warper on June 6, 2015.
             Engulfed by a cloud of flame (25 damage)
             ... on level 2 of the Dungeon.
             The game lasted 00:03:57 (1442 turns).

Raurakos the Slasher (High Elf Warper)              Turns: 1442, Time: 00:03:57

Health: -6/19      AC:  3    Str: 10    XL:     2   Next: 93%
Magic:  6/6        EV: 12    Int: 16    God:
Gold:   35         SH:  0    Dex: 14    Spells: 2 memorised, 2 levels left

rFire  . . .     SeeInvis .     a - +0 falchion
rCold  . . .     Clarity  .     b - +0 leather armour
rNeg   . . .     SustAt   .     (no shield)
rPois  .         Gourm    .     (no helmet)
rElec  .         Spirit   .     (no cloak)
rCorr  .         Warding  .     (no gloves)
rMut   .         Stasis   .     (no boots)
MR     .....                    (no amulet)
Stlth  +.........               (no ring)
                                (no ring)

@: not resistant to hostile enchantments, very unstealthy
A: no striking features
a: no special abilities


You were on level 2 of the Dungeon.
You were not hungry.

You visited 1 branch of the dungeon, and saw 2 of its levels.

You collected 35 gold pieces.

Inventory:

Hand weapons
 a - a +0 falchion (weapon)
 l - a +2 dagger of speed
Missiles
 e - 5 tomahawks of dispersal (quivered)
 j - 17 poisoned needles
 k - 3 needles of frenzy
Armour
 b - a +0 leather armour (worn)
Scrolls
 d - 2 scrolls of blinking
 g - a scroll of immolation {unknown}
 h - a scroll of fear {unknown}
 m - a scroll of teleportation {unknown}
Potions
 i - a potion of curing {unknown}
Books
 c - a book of Spatial Translocations

   Spells                             Type                      Level
   a - Apportation                    Translocation                1
   b - Blink                          Translocation                2
   c - Shroud of Golubria             Charms/Translocation         2
   d - Portal Projectile              Translocation                3
   e - Teleport Other                 Translocation                3
   f - Passage of Golubria            Translocation                4
Comestibles
 f - a bread ration


   Skills:
 - Level 2.0 Fighting
 - Level 4.1 Long Blades
 - Level 1.1 Throwing
 - Level 0.8 Armour
 + Level 2.2 Dodging
 - Level 2.4 Spellcasting
 - Level 3.2 Translocations


You had 2 spell levels left.
You knew the following spells:

 Your Spells              Type           Power        Failure   Level  Hunger
a - Apportation           Tloc           ##........   10%         1    #......
b - Blink                 Tloc           N/A          14%         2    ###....


Dungeon Overview and Level Annotations

Branches:
Dungeon (2/15)

Altars:
Vehumet
Xom


Message History

A hobgoblin comes into view.
The hobgoblin is engulfed in roaring flames.
The hobgoblin dies!
You swing at nothing.
You barely miss the rat. The rat barely misses you.
You hit the rat.
You kill the rat!
You see here a rat corpse.
You butcher the rat corpse.
n - a chunk of flesh Eat a chunk of flesh? (ye/n/q/i?) This raw flesh tastes terrible.
You continue eating. x2
Found a stone staircase leading down.
Really walk into a travel-excluded area?
Found a stone staircase leading up.
Found 10 gold pieces.
You are engulfed in roaring flames.
Ouch! That really hurt!
You die...

#..... .. ####### #..#.
.... ##....§# #...##....
####..§.§.# #...#.#....
.....§._..# #....#.##...
#.##.§§@.# #.....##.#..
$.>.....§.###.....#.#.#
.#.##..............#.##.
<......######......##..
.......# #..........
....##..# #..........
.... #..# #......##...
... #..# #.....#.# ..
#.. ##....#.#.#..


There were no monsters in sight!

Vanquished Creatures
  An adder (D:2)
  2 bats
  2 giant cockroaches
  3 hobgoblins
  A quokka (D:2)
  2 giant newts (D:1)
  3 kobolds (D:1)
  4 rats
18 creatures vanquished.

Vanquished Creatures (others)
  A hobgoblin (D:2)
1 creature vanquished.

Grand Total: 19 creatures vanquished

Notes
Turn   | Place    | Note
--------------------------------------------------------------
     0 | D:1      | Raurakos the High Elf Warper began the quest for the Orb.
     0 | D:1      | Reached XP level 1. HP: 14/14 MP: 4/4
   663 | D:1      | Reached XP level 2. HP: 5/19 MP: 6/6
   964 | D:1      | Learned a level 2 spell: Blink
   998 | D:2      | Found a shimmering altar of Xom.
   998 | D:2      | Found a shimmering altar of Xom.
   998 | D:2      | Found a shimmering altar of Xom.
   999 | D:2      | Found a shimmering altar of Xom.
   999 | D:2      | Found a shimmering altar of Xom.
  1000 | D:2      | Found a shimmering altar of Xom.
  1000 | D:2      | Found a shimmering altar of Xom.
  1001 | D:2      | Found a shimmering altar of Xom.
  1153 | D:2      | Reached skill level 4 in Long Blades
  1420 | D:2      | Found a radiant altar of Vehumet.
  1442 | D:2      | Engulfed by a cloud of flame

Vault maps used:
D:1:      dpeg_arrival_sounds_slurp, minmay_crystal_room,
          nicolae_ashenzari_panopticon
D:2:      xom_redecorated, fiery_altar_vehumet, kiku_gazebo_garden_becter,
          first_bread, minmay_misc_feat_secret_circle, grunt_ministairs_1

Action                   || total
-------------------------++-------
Melee: Falchion          ||    61
  Eat: Chunk             ||     2
